 Dungeon Crawl Stone Soup version 0.29.1-1-gd02db6906a (webtiles) character file.

Game seed: 12867294918850563543

35 Homeless the Ducker (level 3, -1/29 HPs)
             Began as a Mummy Monk on Oct 18, 2022.
             Slain by a quokka (5 damage)
             ... on level 1 of the Dungeon.
             The game lasted 00:02:33 (1809 turns).

Homeless the Ducker (Mummy Monk)                    Turns: 1809, Time: 00:02:34

Health: -1/29      AC:  0    Str: 16    XL:     3   Next: 16%
Magic:  3/3        EV: 13    Int:  9    God:
Gold:   44         SH:  0    Dex: 14    Spells: 2/2 levels left

rFire   x . .      SeeInvis .     - Unarmed
rCold   + . .      Faith    .   (no shield)
rNeg    + + +      Spirit   .   (no body armour)
rPois   ∞          Reflect  .   (no helmet)
rElec   .          Harm     .   (no cloak)
rCorr   .          Rampage  .   (no gloves)
Will    .....                   (no boots)
Stlth   ++........              (no amulet)
HPRegen 0.09/turn               (no ring)
MPRegen 0.08/turn               (no ring)

@: no status effects
A: cold resistance 1, negative energy resistance 3, torment resistance 2, heat
vulnerability 1, in touch with death 1, no potions
a: no special abilities


You were on level 1 of the Dungeon.
You visited 1 branch of the dungeon, and saw 1 of its levels.

You collected 44 gold pieces.

Inventory:

Missiles
 b - a throwing net (quivered)
Jewellery
 a - a ring of wizardry


   Skills:
 - Level 3.0 Fighting
 * Level 3.5 Dodging
 - Level 1.5 Stealth
 - Level 2.4 Unarmed Combat


You had 2 spell levels left.
You didn't know any spells.
Your spell library was empty.

Dungeon Overview and Level Annotations

Branches:
Dungeon (1/15)

Altars:


Innate Abilities, Weirdness & Mutations

You are immune to poison.
Your flesh is cold resistant. (rC+)
You are immune to negative energy. (rN+++)
You are immune to unholy pain and torment.
You are vulnerable to heat. (rF-)
You are in touch with the powers of death.
You do not drink.


Message History

A hobgoblin comes into view.
Found a leather armour.
The kobold hits you with a +0 dagger.
You closely miss the kobold. The kobold hits you with a +0 dagger.
You closely miss the kobold. The kobold misses you.
You hit the kobold.
The kobold is moderately wounded.
The kobold closely misses you.
You hit the kobold.
The kobold is severely wounded.
The kobold hits you with a +0 dagger.
You closely miss the kobold.
The kobold is severely wounded.
The kobold hits you with a +0 dagger.
You barely miss the kobold.
The kobold is severely wounded.
The kobold hits you with a +0 dagger.
You completely miss the kobold.
The kobold is severely wounded.
The kobold barely misses you.
You closely miss the kobold.
The kobold is severely wounded.
The kobold hits you with a +0 dagger.
You hit the kobold.
You kill the kobold!
You closely miss the quokka. The quokka bites you. x2
* * * LOW HITPOINT WARNING * * *
You barely miss the quokka. The quokka closely misses you.
You closely miss the quokka. The quokka misses you.
You barely miss the quokka. The quokka bites you.
* * * LOW HITPOINT WARNING * * *
You hit the quokka but do no damage. The quokka bites you.
* * * LOW HITPOINT WARNING * * *
You hit the quokka.
The quokka is heavily wounded.
The quokka misses you. The quokka barely misses you.
You barely miss the quokka.
The quokka is heavily wounded.
The quokka bites you.
You die...

#####
......#############
.....gr@..†.......#
......######.....##
....[ #..##### ....
#.## ... ##.# r..
#..# ...
#.######### .
###.#........ . .#
#...#........


You could see a quokka and a hobgoblin.

Vanquished Creatures
  3 dart slugs (D:1)
  A bat (D:1)
  3 endoplasms (D:1)
  4 giant cockroaches (D:1)
  A goblin (D:1)
  2 hobgoblins (D:1)
  A quokka (D:1)
  3 ball pythons (D:1)
  3 kobolds (D:1)
  5 rats (D:1)
26 creatures vanquished.

Notes
Turn   | Place    | Note
-------+----------+-------------------------------------------
     0 | D:1      | Homeless the Mummy Monk began the quest for the Orb.
     0 | D:1      | Reached XP level 1. HP: 18/18 MP: 1/1
   351 | D:1      | Reached XP level 2. HP: 8/24 MP: 2/2
  1582 | D:1      | Gained mutation: You are in touch with the powers of death.
                  | [Mummy growth]
  1582 | D:1      | Reached XP level 3. HP: 26/29 MP: 3/3
  1809 | D:1      | Slain by a quokka

Illustrated notes

Levels and vault maps discovered:
D:1:      grunt_arrival_lava_bath, layout_rooms, serial_shops,
          nicolae_shop_bloodbath_and_beyond

Skill      XL: |  1 |
---------------+----+-----
Dodging        | 3 |  3.5
Fighting       | |  3.0
Stealth        | |  1.5
Unarmed Combat | |  2.4

Action                   || total
-------------------------++-------
Melee: Unarmed           ||   112
       Punch             ||     2
  Use: Scroll            ||     2
Dodge: Dodged            ||    79
